 Dungeon Crawl Stone Soup version 0.28-a0-1412-gf95308ed99 (webtiles) character file.

Game seed: 9957439751375408586

10887 Deminshera the Jinx (level 12, -1/92 HPs)
             Began as a Human Conjurer on Jan 7, 2022.
             Was a High Priest of Vehumet.
             Slain by an entropy weaver simulacrum (18 damage)
             ... in an ice cave.
             The game lasted 00:37:13 (20696 turns).

Deminshera the Jinx (Human Conjurer)               Turns: 20696, Time: 00:37:13

Health: -1/92      AC:  8    Str:  9    XL:     12   Next: 0%
Magic:  16/24      EV: 12    Int: 23    God:    Vehumet [*****.]
Gold:   766        SH:  0    Dex: 11    Spells: 12/27 levels left

rFire   . . .      SeeInvis .   m - staff of poison
rCold   + . .      Faith    .   (no shield)
rNeg    + . .      Spirit   .   U - +0 troll leather armour
rPois   +          Reflect  .   (no helmet)
rElec   .          Harm     .   z - +0 cloak
rCorr   .          Rampage  .   j - +2 pair of gloves
Will    .....                   (no boots)
Stlth   ++........              M - amulet of magic regeneration
HPRegen 1.05/turn               c - ring of protection from cold
MPRegen 0.59/turn               K - ring of positive energy

@: studying Hexes
A: no striking features
a: Renounce Religion


You were in an ice cave.
You worshipped Vehumet.
Vehumet was extremely pleased with you.
You visited 3 branches of the dungeon, and saw 11 of its levels.
You also visited: Bailey and Ice Cave.

You collected 766 gold pieces.

Inventory:

Hand Weapons
 G - a +2 flail of protection
Missiles
 h - 54 sling bullets
Armour
 j - a +2 pair of gloves (worn)
 z - a +0 cloak (worn)
 U - a +0 troll leather armour (worn)
Magical Staves
 m - a staff of poison (weapon)
 S - a staff of air
Jewellery
 a - the ring of Summertime {Dex+5 SInv}
   (You found it on level 9 of the Dungeon)

   [ring of see invisible]

   Dex:       It affects your dexterity (+5).
   SInv:      It lets you see invisible.
 c - a ring of protection from cold (left hand)
 r - a ring of fire
 u - an amulet of regeneration
 H - an amulet of the acrobat
 K - a ring of positive energy (right hand)
 M - an amulet of magic regeneration (around neck)
 T - a ring of magical power
Wands
 q - a wand of paralysis (15)
 y - a wand of mindburst (12)
 A - a wand of iceblast (9)
 O - a wand of acid (12)
 Q - a wand of digging (4)
 V - a wand of charming (4)
Scrolls
 b - 4 scrolls of blinking
 f - 4 scrolls of enchant weapon
 g - 2 scrolls of summoning
 i - a scroll of amnesia
 k - a scroll of magic mapping
 v - 3 scrolls of enchant armour
 B - 2 scrolls of vulnerability
 C - 2 scrolls of noise
 D - 7 scrolls of teleportation
 E - 2 scrolls of torment
 F - 2 scrolls of fog
 P - 3 scrolls of identify
Potions
 d - a potion of magic {unknown}
 e - a potion of resistance
 l - a potion of flight {unknown}
 n - a potion of attraction {unknown}
 o - a potion of ambrosia {unknown}
 p - 4 potions of lignification
 s - a potion of berserk rage {unknown}
 t - 6 potions of heal wounds
 w - 3 potions of mutation
 x - 5 potions of curing
 I - 2 potions of might
 N - 2 potions of haste {unknown}


   Skills:
 + Level 8.0 Fighting
 - Level 3.0 Armour
 - Level 3.0 Dodging
 - Level 2.0 Stealth
 + Level 8.0 Spellcasting
 - Level 10.0 Conjurations
 - Level 10.0 Hexes
 - Level 3.0 Transmutations
 - Level 3.0 Earth Magic
 - Level 5.0 Evocations


You had 12 spell levels left.
You knew the following spells:

 Your Spells              Type           Power      Damage    Failure   Level
a - Magic Dart            Conj           100%       1d8       1%          1
b - Searing Ray           Conj           100%       2d8       1%          2
c - Fulminant Prism       Conj/Hex       26%        3d14      1%          4
e - Stone Arrow           Conj/Erth      78%        3d11      1%          3
f - Irradiate             Conj/Tmut      19%        3d20      5%          5

Your spell library contained the following spells:

 Spells                   Type           Power      Damage    Failure   Level
 Airstrike                Air            4%         N/A       24%         4
 Ensorcelled Hibernation  Hex/Ice        64%        N/A       1%          2
 Static Discharge         Conj/Air       32%        N/A       1%          2
 Dazzling Flash           Conj/Hex       100%       N/A       1%          3
 Tukima's Dance           Hex            53%        N/A       1%          3
 Summon Guardian Golem    Hex/Summ       32%        N/A       3%          3
 Iskenderun's Mystic Bla  Conj/Tloc      32%        2d8       3%          4
 Frozen Ramparts          Ice            18%        1d3       8%          3
 Lightning Bolt           Conj/Air       16%        1d30      9%          5
 Animate Skeleton         Necr           18%        N/A       10%         1
 Pain                     Necr           36%        1d5       10%         1
 Summon Small Mammal      Summ           36%        N/A       10%         1
 Petrify                  Tmut/Erth      23%        N/A       26%         4
 Call Canine Familiar     Summ           9%         N/A       28%         3
 Gell's Gravitas          Tloc           9%         N/A       28%         3
 Teleport Other           Tloc           9%         N/A       28%         3
 Vampiric Draining        Necr           9%         2d6       28%         3
 Metabolic Englaciation   Hex/Ice        16%        N/A       32%         5
 Ice Form                 Ice/Tmut       16%        N/A       45%         4
 Summon Ice Beast         Ice/Summ       9%         N/A       67%         4
 Enfeeble                 Hex            26%        N/A       78%         7
 Statue Form              Tmut/Erth      15%        N/A       99%         6
 Dispersal                Tloc           4%         N/A       100%        6
 Maxwell's Capacitive Co  Air            4%         ∞         100%        8


Dungeon Overview and Level Annotations

Branches:
Dungeon (9/15)             Temple (1/1) D:4            Lair (1/6) D:8
 Bailey (visited)           IceCv (1/1)
    Orc: D:9-12

Altars:
Ashenzari
Cheibriados
Dithmenos
Elyvilon
Fedhas
Hepliaklqana
Kikubaaqudgha
Makhleb
Okawaru
Qazlal
Ru
Sif Muna
Uskayaw
Vehumet
Wu Jian
Xom
Yredelemnul
Zin
The Shining One

Shops:
D:4 *

Annotations:
D:9 2 runed translucent doors


Message History

Magic restored.
You enter the shallow water.
Moving in this stuff is going to be slow.
A harpy simulacrum comes into view.
Found 17 arrows, a scale mail of cold resistance and 11 gold pieces.
The harpy simulacrum claws you. The harpy simulacrum freezes you. You resist.
The harpy simulacrum claws you but does no damage.
A harpy simulacrum is nearby!
The stone arrow hits the harpy simulacrum!
The harpy simulacrum is severely damaged.
The harpy simulacrum claws you. The harpy simulacrum freezes you. You resist.
The harpy simulacrum claws you but does no damage.
The harpy simulacrum claws you! The harpy simulacrum freezes you. You resist.
The harpy simulacrum claws you. The harpy simulacrum freezes you! You resist.
The harpy simulacrum claws you but does no damage. x2
An entropy weaver simulacrum comes into view.
You are too injured to fight recklessly!
Aiming: Stone Arrow (safe; 1% risk of failure)
Press: ? - help, Q - select action, (/) - cycle Shift-Dir - straight line, f/p - harpy simulacrum
Aim: a harpy simulacrum (severely damaged, 91% to hit)
The stone arrow hits the harpy simulacrum!!
The harpy simulacrum vaporises!
Vehumet accepts your kill.
You have reached level 12!
You feel clever.
Aiming: Stone Arrow (safe; 1% risk of failure)
Press: ? - help, Q - select action, (/) - cycle Shift-Dir - straight line, f - entropy weaver simulacrum
Aim: an entropy weaver simulacrum (freezing vapour, 81% to hit)
The stone arrow hits the entropy weaver simulacrum!!
The entropy weaver simulacrum is heavily damaged.
The entropy weaver simulacrum hits you!
The entropy weaver simulacrum freezes you!!
You resist.
* * * LOW HITPOINT WARNING * * *
The entropy weaver simulacrum hits you but does no damage.
The entropy weaver simulacrum hits you.
* * * LOW HITPOINT WARNING * * *
The entropy weaver simulacrum freezes you!!
You resist.
You die...

#### $[( ⌠.### ##
## ...#..#
#≈#####Z...#
#≈#≈#≈≈@#
##≈≈≈≈#≈..#
####≈≈#≈≈≈##...#
##.≈≈#####..#####
#..### ≈≈≈≈≈≈
##..## ≈≈≈≈≈≈≈≈
##..# #≈≈≈≈≈≈≈
#..### ##≈≈≈≈≈≈
##...## #≈≈#


You could see an entropy weaver simulacrum.

Vanquished Creatures
  Gastronok (D:8)
  Pikel (D:4)
  A deep elf pyromancer (D:9)
  2 manticores (D:9)
  An ice statue (IceCv)
  Joseph (D:7)
  A troll (D:9)
  A steam dragon (D:9)
  A harpy simulacrum (IceCv)
  Edmund (D:6)
  2 water moccasins
  18 orc warriors
  A sky beast (D:6)
  3 black bears
  4 ice beasts
  A necrophage (D:6)
  The ghost of fritzmikael the Vexing, an amateur DgEn (D:4)
  4 lemures (D:3)
  12 centaurs
  A phantom (D:4)
  A kobold brigand (D:8)
  5 bullfrogs
  5 scorpions
  6 two-headed ogre simulacra (IceCv)
  4 elephant simulacra (IceCv)
  8 wights (D:7)
  A killer bee (D:5)
  A howler monkey (D:9)
  2 bullfrog zombies (D:6)
  2 centaur zombies
  A hound (D:7)
  A bullfrog skeleton (D:4)
  3 jellies
  2 orc priests
  A gnoll shaman (D:5)
  Crazy Yiuf (D:4)
  2 centaur skeletons (D:7)
  A scorpion zombie (D:5)
  4 iguanas
  16 orc wizards
  A polar bear simulacrum (IceCv)
  2 spriggan simulacra (IceCv)
  2 troll simulacra (IceCv)
  2 killer bee zombies
  3 hound skeletons
  9 gnolls
  7 adders
  2 naga simulacra (IceCv)
  2 shadow imps
  15 white imps
  4 worms
  2 dart slugs
  72 orcs
  7 ball pythons
  11 bats
  10 endoplasms
  4 giant cockroaches
  8 goblins
  5 hobgoblins
  4 jackals (D:2)
  9 kobolds
  A quokka (D:4)
  4 frilled lizards
  A quokka skeleton (D:4)
  6 rats
  7 fulminant prisms
325 creatures vanquished.

Vanquished Creatures (others)
  92 fulminant prisms
  27 fungi
  41 plants
160 creatures vanquished.

Grand Total: 485 creatures vanquished

Notes
Turn   | Place    | Note
-------+----------+-------------------------------------------
     0 | D:1      | Deminshera the Human Conjurer began the quest for the Orb.
     0 | D:1      | Reached XP level 1. HP: 13/13 MP: 3/3
   737 | D:1      | Reached XP level 2. HP: 19/19 MP: 3/5
  1038 | D:1      | Learned a level 2 spell: Searing Ray
  1460 | D:1      | Reached XP level 3. HP: 24/24 MP: 4/6
  2942 | D:2      | Reached XP level 4. HP: 30/30 MP: 0/8
  3215 | D:2      | Learned a level 4 spell: Fulminant Prism
  3703 | D:2      | Found a faded altar of an unknown god.
  3809 | D:2      | Found a glowing silver altar of Zin.
  4258 | D:3      | Noticed a +0 hand axe
  4259 | D:3      | Found a hide-covered altar of Uskayaw.
  4259 | D:3      | Noticed a +0 dagger
  5099 | D:4      | Reached skill level 5 in Conjurations
  5099 | D:4      | Reached skill level 1 in Hexes
  5099 | D:4      | Reached XP level 5. HP: 31/35 MP: 2/10
  5323 | D:4      | Found a staircase to the Ecumenical Temple.
  5329 | Temple   | Entered the Ecumenical Temple
  5341 | Temple   | Became a worshipper of Vehumet
  5474 | D:4      | Reached XP level 6. HP: 33/41 MP: 2/11
  6107 | D:4      | Learned a level 3 spell: Dazzling Flash
  6178 | D:4      | Found Sidubiz's Elemental Accessories.
  6390 | D:4      | Noticed Pikel
  6659 | D:4      | Killed Pikel
  6660 | D:4      | Reached skill level 5 in Hexes
  6660 | D:4      | Reached XP level 7. HP: 28/46 MP: 1/14
  6921 | D:4      | Found a transporter.
  6942 | D:4      | Reached skill level 5 in Spellcasting
  6942 | D:4      | Reached XP level 8. HP: 40/52 MP: 7/15
  7201 | D:4      | Noticed fritzmikael's ghost (amateur DgEn)
  7218 | D:4      | Found a transporter.
  7365 | D:4      | Reached * piety under Vehumet
  7365 | D:4      | Offered knowledge of Shock by Vehumet.
  7848 | D:4      | Found a runed translucent door.
  7849 | D:4      | Noticed Crazy Yiuf
  7867 | D:4      | Killed Crazy Yiuf
  8192 | D:4      | Killed fritzmikael's ghost
  8341 | D:5      | Entered Level 5 of the Dungeon
  8960 | D:5      | Reached skill level 1 in Evocations
  9400 | D:5      | You fall into a shaft and drop 3 floors!
  9400 | D:8      | Found a burning altar of Makhleb.
 10109 | D:8      | Reached XP level 9. HP: 48/57 MP: 12/17
 10297 | D:6      | Noticed Edmund
 10304 | D:6      | Killed Edmund
 11142 | D:7      | Reached ** piety under Vehumet
 11143 | D:7      | Reached skill level 5 in Evocations
 11143 | D:7      | Reached skill level 1 in Fighting
 11181 | D:8      | Offered knowledge of Poisonous Vapours by Vehumet.
 12780 | D:6      | Reached XP level 10. HP: 68/73 MP: 13/19
 12828 | D:6      | Found an iron altar of Okawaru.
 12896 | D:6      | Reached skill level 5 in Fighting
 13895 | D:7      | Offered knowledge of Mephitic Cloud by Vehumet.
 14129 | D:7      | Identified the +5 falchion of Instinct {holy, rN++ Int-5}
 14164 | D:7      | Found an ornate altar of the Wu Jian Council.
 14165 | D:7      | Found a snail-covered altar of Cheibriados.
 14165 | D:7      | Found a shadowy altar of Dithmenos.
 14166 | D:7      | Found a sacrificial altar of Ru.
 14347 | D:7      | Noticed Joseph
 14352 | D:7      | Killed Joseph
 14486 | D:7      | Found a white marble altar of Elyvilon.
 14601 | D:8      | Reached *** piety under Vehumet
 14786 | D:8      | Found a staircase to the Lair.
 15289 | D:8      | Noticed Gastronok
 15338 | D:8      | Killed Gastronok
 15339 | D:8      | Reached XP level 11. HP: 57/86 MP: 5/21
 15909 | D:8      | Offered knowledge of Stone Arrow by Vehumet.
 15914 | D:8      | Learned a level 3 spell: Stone Arrow
 16373 | D:9      | Found a flagged portal.
 16387 | Bailey   | Entered a bailey
 16390 | Bailey   | Reached **** piety under Vehumet
 16496 | Bailey   | Offered knowledge of Irradiate by Vehumet.
 16503 | Bailey   | Learned a level 5 spell: Irradiate
 16546 | Bailey   | Reached skill level 1 in Earth Magic
 16787 | Bailey   | Reached skill level 10 in Hexes
 16887 | Bailey   | Reached skill level 1 in Transmutations
 17955 | Bailey   | Identified the +3 short sword "Voozxeh" {vamp, Fly rN+
                  | Str-2}
 18310 | D:9      | Found a large runed translucent door.
 18311 | D:9      | Found a large runed translucent door.
 18854 | D:9      | Noticed a boulder beetle
 18855 | D:9      | Noticed a deep elf pyromancer
 18856 | D:9      | Noticed a manticore
 18856 | D:9      | Noticed a manticore
 18867 | D:9      | Killed a manticore
 18898 | D:9      | Identified the ring of Summertime {Dex+5 SInv}
 18906 | D:9      | Killed a manticore
 18907 | D:9      | Reached skill level 1 in Armour
 19160 | D:9      | Killed a deep elf pyromancer
 19490 | Lair:1   | Entered Level 1 of the Lair of Beasts
 19505 | Lair:1   | Found a frozen archway.
 19533 | Lair:1   | Reached ***** piety under Vehumet
 19538 | IceCv    | Entered an ice cave
 19578 | IceCv    | Offered knowledge of Airstrike by Vehumet.
 20607 | IceCv    | Reached skill level 10 in Conjurations
 20696 | IceCv    | Reached XP level 12. HP: 46/92 MP: 18/24
 20696 | IceCv    | Slain by an entropy weaver simulacrum

Illustrated notes

Levels and vault maps discovered:
D:1:      tarquinn_simple_flora_water_c, layout_basic
D:2:      cheibrodos_old_hovel, layout_loops_ring, basic_ecumenical_altar,
          basic_altar
D:3:      layout_rooms, dancing_weapons_uskayaw, st_stairs_6
D:4:      layout_loops_ring, minmay_temple_entry_fiery, gammafunk_ghost_arena,
          minmay_misc_feat_alley, nicolae_elemental_shop, minmay_manual_mail,
          uniq_crazy_yiuf_cottage, uniq_pikel
D:5:      minmay_inner_zag, layout_basic
D:6:      layout_loops_ring, okawaru_gym_becter, serial_bayou_pond_c,
          uniq_edmund
D:7:      layout_rooms, chequers_temple_overflow_statue_of_worship,
          mainiacjoe_overflow_alcove_2, uniq_joseph
D:8:      minmay_flawed_box, layout_basic,
          mainiacjoe_overflow_concentric_impassable,
          due_lair_maze_entry_diamond, special_room [special_room_orc],
          kennysheep_generic_room_11, uniq_gastronok
D:9:      layout_roguey, jmf_multi_god_temple2, enter_bailey_3, grunt_tough_drop
Temple:   nicolae_temple_x_marks_the_god
Lair:1:   layout_roguey, portal_ice_cave_entry_imps, minivault_19
IceCv:    ice_cave_caverns_03

Skill      XL: |  1  2  3  4  5  6  7  8  9 10 11 |
---------------+----------------------------------+-----
Spellcasting   | 3 4 5 6 8 |  8.0
Conjurations   | 5 6 7 8 10 | 10.0
Hexes          | 1 2 5 7 8 9 10 | 10.0
Evocations     | 2 5 |  5.0
Fighting       | 4 8 |  8.0
Earth Magic    | 3 |  3.0
Transmutations | 3 |  3.0
Armour         | 3 |  3.0
Dodging        | 3 |  3.0
Stealth        | |  2.0

Action                   |  1- 3 |  4- 6 |  7- 9 | 10-12 || total
-------------------------+-------+-------+-------+-------++-------
Melee: Unarmed           |     7 |       |       |       ||     7
       Staff             |       |   111 |     1 |    24 ||   136
       Punch             |       |     1 |       |     2 ||     3
 Cast: Magic Dart        |    69 |    74 |    75 |    49 ||   267
       Searing Ray       |     1 |    11 |    34 |    12 ||    58
       Fulminant Prism   |       |     4 |    29 |    66 ||    99
       Dazzling Flash    |       |     4 |       |       ||     4
       Stone Arrow       |       |       |       |   197 ||   197
       Irradiate         |       |       |       |     4 ||     4
Evoke: Wand              |       |     1 |       |       ||     1
  Use: Scroll            |       |       |    10 |    12 ||    22
 Stab: Sleeping          |       |     3 |       |       ||     3
       Paralysed         |       |     6 |       |       ||     6
Armor: Robe              |     1 |    41 |    53 |    27 ||   122
       Troll leather arm |       |       |       |    21 ||    21
Dodge: Dodged            |    11 |   116 |   100 |    82 ||   309

Table legend: (Time is in decaauts)
 A = Elapsed time spent in this place.
 B = Non-inter-level travel time spent in this place.
 C = Inter-level travel time spent in this place.
 D = Time resting spent in this place.
 E = Time spent auto-exploring this place.
 F = Levels seen in this place.
 G = Mean time per level.
                   A        B        C        D        E       F      G
               +--------+--------+--------+--------+--------+-----+--------+
         Total |  20772 |  20302 |    470 |  11664 |   5663 |  13 | 1597.8 |
       Dungeon |  17860 |  17406 |    454 |   9742 |   5229 |   9 | 1984.4 |
        Temple |     16 |     13 |      3 |      0 |      3 |   1 |   16.0 |
          Lair |     50 |     37 |     13 |      0 |      0 |   1 |   50.0 |
        Bailey |   1680 |   1680 |      0 |    993 |    313 |   1 | 1680.0 |
      Ice Cave |   1165 |   1165 |      0 |    929 |    117 |   1 | 1165.0 |
               +--------+--------+--------+--------+--------+-----+--------+

Top non-repeatable levels by time:
     D:8: 3138 daAuts
     D:4: 2833 daAuts
     D:5: 2150 daAuts
     D:2: 2086 daAuts
     D:1: 1882 daAuts
     D:7: 1848 daAuts
  Bailey: 1680 daAuts
     D:3: 1547 daAuts
     D:6: 1341 daAuts
   IceCv: 1165 daAuts
     D:9: 1033 daAuts
  Lair:1: 50 daAuts
  Temple: 16 daAuts
